 Dungeon Crawl Stone Soup version 0.17-a0-755-g4391640 (webtiles) character file.

4059 namelastname112 the Transmogrifier (level 10, 0/70 HPs)
             Began as a Felid Transmuter on Apr 22, 2015.
             Was a High Priest of Sif Muna.
             Succumbed to a spiny frog's poison
             ... on level 1 of the Lair of Beasts.
             The game lasted 00:40:20 (13915 turns).

namelastname112 the Transmogrifier (FeTm)          Turns: 13915, Time: 00:40:21

Health: 0/70       AC:  6    Str: 11    XL:     10   Next: 4%
Magic:  20/24      EV: 20    Int: 18    God:    Sif Muna [*****.]
Gold:   467        SH:  0    Dex: 17    Spells: 5 memorised, 11 levels left
                                        Lives:  0   Deaths: 3

rFire  . . .     SeeInvis +       - Unarmed
rCold  . . .     Clarity  .     (armour unavailable)
rNeg   . . .     SustAb   .     (shield unavailable)
rPois  .         Gourm    .     (helmet unavailable)
rElec  .         Spirit   .     (cloak unavailable)
rCorr  .         Warding  .     (gloves unavailable)
rMut   .         Stasis   .     (boots unavailable)
MR     +....                    (no amulet)
Stlth  ..........               n - ring of stealth
                                y - +4 ring of protection

@: berserking, lethally poisoned (0 -> -6), very quick, somewhat resistant to
hostile enchantments, extremely unstealthy
A: no armour, no weapons or thrown items, claws 1, fangs 3, see invisible,
carnivore 3, speed 1, shaggy fur 2, slow metabolism 1, spit poison 1, sharp paws
a: Spit Poison, Channel Energy, Forget Spell, Renounce Religion


You were on level 1 of the Lair of Beasts.
You worshipped Sif Muna.
Sif Muna was extremely pleased with you.
You were completely stuffed.

You visited 3 branches of the dungeon, and saw 11 of its levels.

You collected 467 gold pieces.

Inventory:

Missiles
 a - 12 arrows
Jewellery
 h - an uncursed amulet of stasis
 n - a ring of stealth (right paw)
 o - an uncursed ring of teleportation
 q - an uncursed amulet of warding
 s - an uncursed ring of fire
 y - a +4 ring of protection (left paw)
Magical devices
 d - a wand of lightning (2)
 x - a wand of fire (0)
 z - a wand of enslavement (9)
 A - a wand of random effects (24)
 I - a wand of magic darts (27)
Scrolls
 e - a scroll of enchant armour {unknown}
 k - 2 scrolls of remove curse
 l - 2 scrolls of teleportation
 p - 3 scrolls of fear
 v - a scroll of random uselessness
 C - a scroll of magic mapping {unknown}
 E - 4 scrolls of recharging
 G - a scroll of fog
Potions
 f - 2 potions of haste
 j - 2 potions of magic
 m - a potion of restore abilities
 t - a potion of cure mutation
 w - a potion of berserk rage
 B - a potion of poison {unknown}
 D - a potion of mutation {unknown}
 H - 2 potions of might {unknown}
Books
 b - a book of Changes

   Spells                             Type                      Level
   a - Beastly Appendage              Transmutation                1
   b - Sticks to Snakes               Transmutation                2
   c - Spider Form                    Transmutation/Poison         3
   d - Ice Form                       Ice/Transmutation            4
   e - Blade Hands                    Transmutation                5
 r - a book of Summonings

   Spells                             Type                      Level
   a - Abjuration                     Summoning                    3
   b - Recall                         Summoning/Translocation      3
   c - Shadow Creatures               Summoning                    5
   d - Summon Demon                   Summoning                    5
   e - Summon Forest                  Summoning/Translocation      5
   f - Monstrous Menagerie            Summoning                    6
 K - a Young Poisoner's Handbook

   Spells                             Type                      Level
   a - Sting                          Conjuration/Poison           1
   b - Cure Poison                    Poison                       2
   c - Mephitic Cloud                 Conjuration/Poison/Air       3
   d - Olgreb's Toxic Radiance        Poison                       4
   e - Venom Bolt                     Conjuration/Poison           5
Comestibles
 c - 4 meat rations
 g - 3 chunks of flesh
 i - a royal jelly
 u - 4 beef jerkies
 F - a slice of pizza


   Skills:
 - Level 7.4 Fighting
 - Level 5.1 Dodging
 + Level 6.2 Unarmed Combat
 + Level 9.3 Spellcasting
 + Level 10.8 Transmutations


You had 11 spell levels left.
You knew the following spells:

 Your Spells              Type           Power        Failure   Level  Hunger
a - Spider Form           Trmt/Pois      ####......   2%          3    None
b - Ice Form              Ice/Trmt       ####....     12%         4    ###....
c - Blade Hands           Trmt           #####.....   2%          5    #####..
d - Mephitic Cloud        Conj/Pois/Air  #.......     30%         3    None
z - Beastly Appendage     Trmt           #####.       1%          1    None


Dungeon Overview and Level Annotations

Branches:
Dungeon (9/15)             Temple (1/1) D:6            Lair (1/8) D:8
    Orc: D:9-12

Altars:
Ashenzari
Cheibriados
Dithmenos
Elyvilon
Fedhas
Gozag
Kikubaaqudgha
Makhleb
Nemelex Xobeh
Okawaru
Qazlal
Ru
Sif Muna
Trog
Vehumet
Xom
Yredelemnul
Zin
The Shining One
Jiyva

Shops:
D:8 (

Annotations:
D:4 Baka's ghost, average DDFi
D:5 Ontamu's ghost, average DsWz
D:7 exclusion: electric eel


Innate Abilities, Weirdness & Mutations

You cannot wear armour.
You are incapable of wielding weapons or throwing items.
You have sharp claws.
You have razor-sharp teeth.
You have supernaturally acute eyesight.
You are carnivorous and can eat meat at any time.
You cover ground quickly.
You are covered in thick fur (AC +2).
You have a slow metabolism.
Your sharp claws are effective at attacking unaware monsters.
You can spit weak poison.


Message History

* * * LOW HITPOINT WARNING * * *
The spiny frog barely misses you.
You slash the spiny frog!
You kill the spiny frog!
Welcome back to level 10!
Your front paws revert to their normal proportions.
* * * LOW HITPOINT WARNING * * *
You feel sick.
The yak snorts and paws the ground.
You scratch the yak.
The yak begins to bleed from its wounds!
The yak is lightly wounded.
You are too berserk!
You claw the yak!
The yak is severely wounded.
* * * LOW HITPOINT WARNING * * *
You feel sick. The yak closely misses you.
You mangle the yak!!
You kill the yak!
You die...

######### #.......#
### #####
#.......###.###....
#.......'.....'....
#.......###.###....
#.......# ### #....
#..###### #....
##.## #.... #@.##
###.+ ##†P# #...
#YY# #P+.# ##Y#
...... #..# #.. ...
..... +.....
#...... ....
#P....... .
##........


You could see 3 yaks.

Vanquished Creatures
  Pikel (D:7)
  A spiny frog (Lair:1)
  Sigmund (D:3)
  Eustachio (D:4)
  A hungry ghost (D:7)
  4 yaks
  A basilisk (D:8)
  Edmund (D:4)
  4 water moccasins
  4 slaves (D:7)
  An ice beast (D:7)
  A porcupine (D:8)
  2 orc warriors
  An eye of draining (D:6)
  A sky beast (D:9)
  A centaur (D:8)
  6 phantoms
  8 ogres
  4 crocodiles
  A brain worm (D:8)
  A big kobold (D:7)
  Blork the orc (D:6)
  3 giant frogs (D:8)
  A gnoll sergeant (D:8)
  A water moccasin zombie (D:8)
  4 scorpions
  5 wights (D:7)
  15 killer bees (D:8)
  5 hounds
  4 crimson imps
  A gnoll shaman (D:4)
  A giant frog skeleton (D:4)
  9 jellies
  2 orc wizards
  8 worker ants
  7 iguanas
  2 orc priests (D:6)
  2 worker ant zombies
  11 gnolls
  4 river rats (D:8)
  9 adders
  2 shadow imps
  3 oozes
  An adder skeleton (D:7)
  2 worms
  11 giant geckos
  17 orcs
  10 bats
  A bat skeleton (D:7)
  6 giant cockroaches
  17 goblins
  13 hobgoblins
  11 jackals (D:3)
  5 quokkas
  A giant gecko zombie (D:6)
  10 giant newts
  15 kobolds
  12 rats
278 creatures vanquished.

Vanquished Creatures (others)
  A bush (D:8)
  A fungus (D:8)
  2 plants (D:8)
4 creatures vanquished.

Grand Total: 282 creatures vanquished

Notes
Turn   | Place    | Note
--------------------------------------------------------------
     0 | D:1      | namelastname112, the Felid Transmuter, began the quest for the Orb.
     0 | D:1      | Reached XP level 1. HP: 9/9 MP: 4/4
   161 | D:1      | Reached XP level 2. HP: 12/12 MP: 6/6
   957 | D:2      | Reached XP level 3. HP: 16/16 MP: 7/7
  1114 | D:2      | Learned a level 3 spell: Spider Form
  1480 | D:3      | Noticed Sigmund
  1541 | D:3      | Gained mutation: You can spit weak poison. [potion of beneficial mutation]
  1559 | D:3      | Reached skill level 4 in Dodging
  1559 | D:3      | Reached XP level 4. HP: 8/20 MP: 6/8
  2199 | D:3      | Killed Sigmund
  2199 | D:3      | Reached skill level 5 in Dodging
  2199 | D:3      | Reached XP level 5. HP: 11/24 MP: 6/9
  2199 | D:3      | Gained mutation: You are covered in thick fur (AC +2). [Felid growth]
  2199 | D:3      | Reached XP level 6. HP: 12/28 MP: 6/10
  2868 | D:4      | Noticed Eustachio
  3076 | D:4      | Reached skill level 5 in Unarmed Combat
  3122 | D:4      | Noticed Edmund
  3160 | D:4      | Killed Edmund
  3253 | D:4      | Noticed Baka's ghost (average DDFi)
  3278 | D:5      | Entered Level 5 of the Dungeon
  3461 | D:5      | Reached skill level 5 in Fighting
  3461 | D:5      | Reached XP level 7. HP: 26/33 MP: 4/11
  3521 | D:5      | Noticed a water moccasin
  3875 | D:5      | Reached skill level 6 in Fighting
  3922 | D:5      | Noticed Ontamu's ghost (average DsWz)
  3929 | D:4      | Found a shattered altar of Ashenzari.
  4365 | D:4      | Killed Eustachio
  4365 | D:4      | Reached skill level 7 in Fighting
  4379 | D:4      | Reached XP level 8. HP: 37/40 MP: 5/12
  5663 | D:5      | Killed a water moccasin
  5965 | D:5      | Mangled by Ontamu's ghost
  5966 | D:5      | Reached XP level 7. HP: -12/36 MP: 12/12
  6768 | D:6      | Killed from afar by an orc priest
  6769 | D:6      | Reached XP level 6. HP: -10/33 MP: 4/13
  6823 | D:6      | Reached skill level 5 in Transmutations
  6823 | D:6      | Reached XP level 7. HP: 36/36 MP: 11/14
  7289 | D:6      | Found a staircase to the Ecumenical Temple.
  7297 | Temple   | Entered the Ecumenical Temple
  7303 | Temple   | Became a worshipper of Sif Muna the Loreminder
  7523 | D:6      | Reached skill level 5 in Spellcasting
  7687 | D:6      | Noticed Blork the orc
  7731 | D:6      | Killed Blork the orc
  7731 | D:6      | Reached XP level 8. HP: 34/40 MP: 10/16
  8047 | D:7      | Acquired Sif Muna's first power
  8473 | D:7      | Learned a level 4 spell: Ice Form
  8653 | D:7      | Found an ancient bone altar of Kikubaaqudgha.
  8659 | D:7      | Found a bloodstained altar of Trog.
  8659 | D:7      | Found a sacrificial altar of Ru.
  8691 | D:7      | Noticed Pikel
  9040 | D:7      | Killed Pikel
  9040 | D:7      | Acquired Sif Muna's second power
  9040 | D:7      | Reached skill level 8 in Transmutations
  9040 | D:7      | Reached XP level 9. HP: 43/43 MP: 18/20
  9911 | D:8      | Found Buroug's Weapon Boutique.
  9924 | D:8      | Reached skill level 9 in Transmutations
 10467 | D:8      | Learned a level 5 spell: Blade Hands
 10841 | D:8      | Found a viscous altar of Jiyva.
 10956 | D:8      | Reached XP level 10. HP: 34/47 MP: 23/23
 11243 | D:8      | Reached skill level 10 in Transmutations
 11286 | D:8      | Found a staircase to the Lair.
 11483 | D:8      | Acquired Sif Muna's third power
 11810 | D:8      | Mangled by a killer bee
 11811 | D:8      | Reached XP level 9. HP: -6/51 MP: 22/22
 12608 | D:9      | Learned a level 3 spell: Mephitic Cloud
 13776 | Lair:1   | Entered Level 1 of the Lair of Beasts
 13900 | Lair:1   | Noticed a spiny frog
 13911 | Lair:1   | HP: 3/64 [spiny frog (4)]
 13912 | Lair:1   | Killed a spiny frog
 13912 | Lair:1   | Reached XP level 10. HP: 3/47 MP: 19/24
 13914 | Lair:1   | HP: 1/70 [poisoned by a spiny frog]
 13915 | Lair:1   | Succumbed to a spiny frog's poison

Action                   |  1- 3 |  4- 6 |  7- 9 | 10-12 || total
-------------------------+-------+-------+-------+-------++-------
Melee: Unarmed           |   102 |   118 |   676 |    92 ||   988
 Cast: Beastly Appendage |     5 |     4 |     7 |       ||    16
       Spider Form       |     1 |     4 |    40 |     7 ||    52
       Ice Form          |       |       |    13 |     1 ||    14
       Mephitic Cloud    |       |       |     9 |       ||     9
       Blade Hands       |       |       |     3 |       ||     3
 Abil: Spit Poison       |       |     3 |     5 |       ||     8
       Evoke Teleportati |       |     1 |     1 |       ||     2
Evoke: Wand              |       |       |     6 |       ||     6
  Use: Potion            |     5 |     1 |     3 |     1 ||    10
       Scroll            |       |     7 |     6 |     2 ||    15
 Stab: Sleeping          |     5 |     3 |    15 |     1 ||    24
       Distracted        |       |       |     2 |       ||     2
       Paralysed         |       |       |     2 |       ||     2
       Confused          |       |       |     2 |       ||     2
  Eat: Chunk             |     4 |     9 |    41 |     4 ||    58
